 Dungeon Crawl Stone Soup version 0.19-a0-1002-g674d22e (webtiles) character file.

43 Elitist the Firebug (level 3, -2/26 HPs)
             Began as a Hill Orc Fire Elementalist on July 18, 2016.
             Slain by a gnoll
             ... wielding a +0 spear
              (11 damage)
             ... on level 2 of the Dungeon.
             The game lasted 00:05:28 (1397 turns).

Elitist the Firebug (Hill Orc Fire Elementalist)    Turns: 1397, Time: 00:05:29

Health: -2/26      AC:  0    Str: 10    XL:     3   Next: 58%
Magic:  5/5        EV:  6    Int: 16    God:
Gold:   62         SH:  0    Dex: 11    Spells: 1 memorised, 4 levels left

rFire  . . .     SeeInvis .     g - +2 dagger (drain)
rCold  . . .     Gourm    .     (no armour)
rNeg   . . .     Faith    .     (no shield)
rPois  .         Spirit   .     (no helmet)
rElec  .         Dismiss  .     (no cloak)
rCorr  .         Reflect  .     (no gloves)
SustAt .         Harm     .     (no boots)
MR     .....                    (no amulet)
Stlth  ++........               (no ring)
                                (no ring)

@: held, not resistant to hostile enchantments, unstealthy
A: no striking features
a: no special abilities


You were on level 2 of the Dungeon.
You were hungry.

You visited 1 branch of the dungeon, and saw 2 of its levels.

You collected 62 gold pieces.

Inventory:

Hand Weapons
 e - a +0 dagger of speed
 g - a +2 dagger of draining (weapon)
Armour
 a - a +0 robe
 m - a cursed +0 leather armour
Scrolls
 f - a scroll of magic mapping {unknown}
 j - a scroll of remove curse {unknown}
 l - 2 scrolls of identify {unknown}
Potions
 h - 2 potions of curing {unknown}
 k - a potion of brilliance {unknown}
Books
 b - a book of Flames

   Spells                             Type                      Level
   a - Flame Tongue                   Conjuration/Fire             1
   b - Throw Flame                    Conjuration/Fire             2
   c - Conjure Flame                  Conjuration/Fire             3
   d - Inner Flame                    Hexes/Fire                   3
   e - Sticky Flame                   Conjuration/Fire             4
   f - Fireball                       Conjuration/Fire             5
Comestibles
 c - a bread ration
 d - 2 meat rations
 i - a royal jelly


   Skills:
 - Level 1.5 Dodging
 - Level 1.5 Stealth
 + Level 1.9 Spellcasting
 * Level 1.7 Conjurations
 * Level 4.3 Fire Magic


You had 4 spell levels left.
You knew the following spells:

 Your Spells              Type           Power        Failure   Level  Hunger
a - Flame Tongue          Conj/Fire      ##...        8%          1    #......


Dungeon Overview and Level Annotations

Branches:
Dungeon (2/15)

Altars:
Cheibriados
Qazlal


Message History

HP restored.
f - a scroll labeled CEACOR RUESCHA You now have 62 gold pieces (gained 9).
A worm and a gnoll come into view. 2 gnolls come into view.
The gnoll shouts!
The gnoll shouts!
You hit the worm. You drain the worm!
The worm is moderately wounded.
The worm bites you!
A gnoll comes into view. It is wielding a flail.
The gnoll shouts!
The gnoll shouts!
The gnoll throws a throwing net.
The throwing net hits you.
You become entangled in the net!
The gnoll hits you from afar with a spear!
You see here a throwing net.
You struggle against the net.
The gnoll hits you from afar with a spear!
You die...

#.#.##.#. ##
#.#.##.#
+..#.#.##.#
#.#.#.##.#
##..#.##.###
#...#.##.#.#
.#.#.#.
#..#...#....##
.......
######.......#
.#.#g#. #
#@#.#.#.# ..g....
# #.....g.##
.#.#.#. #
#.#g#.#..##g......
#
#.....wgg.........
#
#.#.#.#.##g######
# #.......##.# #
###.#.####.# #...#
#.# ###.. #.#


You could see a worm and 4 gnolls.

Vanquished Creatures
  An adder (D:2)
  3 dart slugs
  3 giant geckos
  3 hobgoblins
  2 kobolds
  2 bats (D:1)
  3 giant newts (D:1)
  3 goblins
  8 rats (D:1)
28 creatures vanquished.

Notes
Turn   | Place    | Note
-------+----------+-------------------------------------------
     0 | D:1      | Elitist the Hill Orc Fire Elementalist began the quest for the Orb.
     0 | D:1      | Reached XP level 1. HP: 14/14 MP: 3/3
   227 | D:1      | Reached XP level 2. HP: 20/20 MP: 4/4
   421 | D:1      | Reached skill level 4 in Fire Magic
   615 | D:1      | Reached XP level 3. HP: 26/26 MP: 3/5
   874 | D:2      | Found a snail-covered altar of Cheibriados.
   902 | D:2      | Found a faded altar of an unknown god.
   935 | D:2      | Found a stormy altar of Qazlal.
  1397 | D:2      | Slain by a gnoll

Vault maps used:
D:1:      minmay_arrival_stair_chambers, kennysheep_another_room,
          minmay_tree_intersection
D:2:      tgw_trog, elyvilon_altar_1, grunt_qazlal_sundering,
          nicolae_overflow_hidden_temple, serial_co_window_serial,
          co_window_corner_a, co_window_of_opportunity_a, co_window_paths_b,
          co_window_paths_a, co_window_paths_b, co_window_paths_a,
          co_window_paths_a, co_window_of_opportunity_b, co_window_cross_4,
          co_window_broadway_c, co_window_unsneaky_path_b, co_window_cross_3,
          glass_columns_a, glass_columns_b, glass_columns_b, glass_columns_b,
          glass_columns_c, ecumenical_altar_1

Skill      XL: |  1  2 |
---------------+-------+-----
Fire Magic     | 4 |  4.3
Dodging        | |  1.5
Stealth        | |  1.5
Spellcasting   | |  1.9
Conjurations   | |  1.7

Action                   || total
-------------------------++-------
Melee: Dagger            ||    54
 Cast: Flame Tongue      ||    18
  Eat: Chunk             ||     1
Armor: Robe              ||     5
Dodge: Dodged            ||    24
